 Dungeon Crawl Stone Soup version 0.29-a0-243-g602b31c20e (webtiles) character file.

Game seed: 2130923881195028679

238 Ajdolov the Shooter (level 5, -5/27 HPs)
             Began as a Spriggan Hunter on Mar 4, 2022.
             Killed from afar by Ijyb (12 damage)
             ... with an iceblast
             ... on level 3 of the Dungeon.
             The game lasted 00:04:39 (3664 turns).

Ajdolov the Shooter (Spriggan Hunter)               Turns: 3664, Time: 00:04:40

Health: -5/27      AC:  2    Str:  8    XL:     5   Next: 78%
Magic:  6/6        EV: 17    Int: 12    God:
Gold:   137        SH:  0    Dex: 18    Spells: 4/4 levels left

rFire   . . .      SeeInvis +   a - +1 shortbow
rCold   . . .      Faith    .   (shield currently unavailable)
rNeg    . . .      Spirit   .   b - +0 robe
rPois   .          Reflect  .   (helmet restricted)
rElec   .          Harm     .   (no cloak)
rCorr   .          Rampage  .   (gloves unavailable)
Will    .....                   (boots unavailable)
Stlth   ++........              (no amulet)
HPRegen 0.09/turn               (no ring)
MPRegen 0.10/turn               (no ring)

@: very quick
A: very small, no large weapons, unfitting armour, see invisible, speed 3
a: no special abilities


You were on level 3 of the Dungeon.
You visited 1 branch of the dungeon, and saw 3 of its levels.

You collected 137 gold pieces.

Inventory:

Hand Weapons
 a - a +1 shortbow (weapon)
Missiles
 d - 5 curare-tipped darts
Armour
 b - a +0 robe (worn)
Scrolls
 f - a scroll of fear {unknown}
 h - 2 scrolls of identify {unknown}
 i - a scroll of teleportation {unknown}
Potions
 c - 3 potions of heal wounds {unknown}
 e - a potion of mutation {unknown}
 g - a potion of flight {unknown}


   Skills:
 + Level 2.7 Fighting
 * Level 7.8 Bows
 - Level 2.6 Dodging
 - Level 1.5 Stealth


You had 4 spell levels left.
You didn't know any spells.
Your spell library contained the following spells:

 Spells                   Type           Power      Damage    Failure   Level
 Slow                     Hex            0%         N/A       32%         1
 Confusing Touch          Hex            0%         N/A       69%         3
 Vampiric Draining        Necr           0%         2d6       69%         3


Dungeon Overview and Level Annotations

Branches:
Dungeon (3/15)

Altars:
Ashenzari

Annotations:
D:3 Ijyb


Innate Abilities, Weirdness & Mutations

You are very small and have problems with some larger weapons.
You are too small for most types of armour.
You have supernaturally acute eyesight. (SInv)
You cover ground extremely quickly. (Speed+++)


Message History

a +0 scale mail; a +0 short sword You start resting.
Ijyb is nearby!
You are too injured to fight recklessly!
There is a stone staircase leading up here.
You start resting.
Ijyb is nearby!
You climb upwards.
There is a stone staircase leading down here.
You start resting.
HP restored.
There is a stone staircase leading down here.
You climb downwards.
Level annotation: Ijyb
There is a stone staircase leading up here.
You open the door.
There is an open door here.
Things that are here:
a +0 ring mail; a +0 club You open the door.
There is an open door here.
You see here a +0 spear.
Things that are here:
a +0 robe; a +0 dagger
Things that are here:
a +0 leather armour; a +0 short sword
There is an open door here.
Ijyb shouts!
Press: ? - help, v - describe, . - travel
Here: Ijyb, wielding a +0 dagger, wearing a +2 leather armour of poison resistance and carrying a wand of iceblast (2)
The floor.
You shoot an arrow. The arrow hits Ijyb but does no damage.
Ijyb screams, "Level is mine!
All mine!"
You shoot an arrow. The arrow hits Ijyb.
Ijyb is lightly wounded.
Ijyb zaps a wand.
The mass of ice explodes!
The iceblast engulfs you!!
Ouch! That really hurt!
* * * LOW HITPOINT WARNING * * *
Ijyb zaps a wand.
The mass of ice explodes!
The iceblast engulfs you!
You die...

.##.#####)#.#.#.#......#.###.#
....# #.#...#.######.#.# #..
#########[#..##.######.#.# #.# .
.......................#.# .# #.
............###[####'###.# g....
##.....########.##.......# .#.#
.+..............##....##.# ...
##.g...#.......###....######.###.
.......#.)......@.....g..........
.....###.......#############.###.
.....# #.#######... ..# .....#
#.#######... ..# ######
#.##........... ..+
########.##........... ..#
........[............. ..#
########.##.......... ..#
.......#.#.........


You could see Ijyb.

Vanquished Creatures
  A scorpion (D:3)
  An orc priest (D:3)
  An orc wizard (D:3)
  4 adders
  2 worms
  2 dart slugs
  9 orcs (D:3)
  8 bats
  7 endoplasms
  2 giant cockroaches
  5 goblins
  3 hobgoblins
  4 jackals (D:1)
  4 kobolds
  2 quokkas (D:1)
  8 ball pythons
  3 frilled lizards
  2 rats
68 creatures vanquished.

Notes
Turn   | Place    | Note
-------+----------+-------------------------------------------
     0 | D:1      | Ajdolov the Spriggan Hunter began the quest for the Orb.
     0 | D:1      | Reached XP level 1. HP: 10/10 MP: 2/2
    18 | D:1      | Reached skill level 5 in Bows
    79 | D:1      | Reached XP level 2. HP: 14/14 MP: 3/3
   649 | D:1      | Reached skill level 6 in Bows
   841 | D:1      | Reached XP level 3. HP: 18/18 MP: 4/4
  1017 | D:2      | Found a faded altar of an unknown god.
  1087 | D:2      | Found a broken altar of Ashenzari.
  1600 | D:3      | Reached XP level 4. HP: 23/23 MP: 5/5
  2167 | D:3      | Reached skill level 7 in Bows
  2376 | D:3      | Reached XP level 5. HP: 27/27 MP: 6/6
  2823 | D:3      | Noticed Ijyb
  2830 | D:3      | HP: 1/27 [Ijyb/iceblast (11)]
  3664 | D:3      | Killed from afar by Ijyb

Illustrated notes

Levels and vault maps discovered:
D:1:      dpeg_arrival_boxorama, layout_basic
D:2:      layout_loops_ring, chequers_ecumenical_altar_grove, basic_altar,
          st_stairs_2
D:3:      layout_basic, grunt_ministairs_10, uniq_ijyb

Skill      XL: |  1  2  3  4 |
---------------+-------------+-----
Bows           | 5 6 7 |  7.8
Fighting       | 2 |  2.7
Dodging        | |  2.6
Stealth        | |  1.5

Action                   |  1- 3 |  4- 6 || total
-------------------------+-------+-------++-------
 Fire: Shortbow          |    78 |   110 ||   188
Armor: Robe              |     1 |     5 ||     6
Dodge: Dodged            |    18 |    25 ||    43

Table legend: (Time is in decaauts)
 A = Elapsed time spent in this place.
 B = Non-inter-level travel time spent in this place.
 C = Inter-level travel time spent in this place.
 D = Time resting spent in this place.
 E = Time spent auto-exploring this place.
 F = Levels seen in this place.
 G = Mean time per level.
                   A        B        C        D        E       F      G
               +--------+--------+--------+--------+--------+-----+--------+
         Total |   2861 |   2801 |     60 |   1004 |   1307 |   3 |  953.7 |
       Dungeon |   2861 |   2801 |     60 |   1004 |   1307 |   3 |  953.7 |
               +--------+--------+--------+--------+--------+-----+--------+

Top non-repeatable levels by time:
     D:3: 1272 daAuts
     D:2: 917 daAuts
     D:1: 671 daAuts
